 Dungeon Crawl Stone Soup version 0.17-a0-1951-g62301d3 (webtiles) character file.

909 Ordine the Cruncher (level 7, -8/56 HPs)
             Began as a Minotaur Gladiator on Oct 3, 2015.
             Mangled by an ogre
             ... wielding a +0 giant spiked club
              (15 damage)
             ... on level 6 of the Dungeon.
             The game lasted 00:12:17 (3701 turns).

Ordine the Cruncher (Minotaur Gladiator)            Turns: 3701, Time: 00:12:17

Health: -8/56      AC: 12    Str: 20    XL:     7   Next: 81%
Magic:  6/6        EV: 10    Int:  5    God:
Gold:   206        SH:  0    Dex: 15    Spells: 1 memorised, 4 levels left

rFire  . . .     SeeInvis .     a - +1 quarterstaff
rCold  . . .     Clarity  .     h - +1 chain mail
rNeg   + . .     SustAt   .     (no shield)
rPois  +         Gourm    .     c - +0 hat
rElec  .         Spirit   .     (no cloak)
rCorr  .         Warding  +     (no gloves)
rMut   .         Stasis   .     A - +0 pair of boots
MR     .....                    b - amulet of warding
Stlth  ..........               C - ring of poison resistance
                                l - +3 ring of dexterity

@: hasted, very quick, not resistant to hostile enchantments, extremely
unstealthy
A: retaliatory headbutt, horns 2
a: no special abilities


You were on level 6 of the Dungeon.
You were not hungry.

You visited 1 branch of the dungeon, and saw 6 of its levels.

You collected 206 gold pieces.

Inventory:

Hand weapons
 a - a +1 quarterstaff (weapon)
Missiles
 d - 4 throwing nets (quivered)
Armour
 c - a +0 hat (worn)
 h - a +1 chain mail (worn)
 A - a +0 pair of boots (worn)
Jewellery
 b - an amulet of warding (around neck)
 f - an uncursed amulet of stasis
 l - a +3 ring of dexterity (left hand)
 t - an uncursed ring of flight
 C - a ring of poison resistance (right hand)
Magical devices
 j - a wand of digging (10)
 o - a wand of paralysis (13)
 v - a wand of digging (9)
Scrolls
 i - 2 scrolls of remove curse
 k - a scroll of enchant weapon
 p - a scroll of enchant armour
 r - 2 scrolls of teleportation
 s - a scroll of recharging
Potions
 g - a potion of cancellation
 m - 3 potions of brilliance {unknown}
 n - a potion of agility {unknown}
 q - a potion of invisibility {unknown}
 u - a potion of flight {unknown}
 w - a potion of curing {unknown}
Books
 y - a book of Transfigurations

   Spells                             Type                      Level
   a - Stoneskin                      Transmutation/Earth          2
   b - Irradiate                      Conjuration/Transmutation    5
   c - Statue Form                    Transmutation/Earth          6
   d - Hydra Form                     Transmutation                6
   e - Dragon Form                    Transmutation                7
Comestibles
 e - 4 bread rations
 z - a meat ration


   Skills:
 - Level 2.4 Fighting
 * Level 8.5 Staves
 - Level 2.0 Throwing
 + Level 5.3 Armour
 + Level 5.6 Dodging


You had 4 spell levels left.
You knew the following spells:

 Your Spells              Type           Power        Failure   Level  Hunger
a - Stoneskin             Trmt/Erth      #.......     100%        2    ###....


Dungeon Overview and Level Annotations

Branches:
Dungeon (6/15)             Temple (0/1) D:6

Altars:
Ashenzari
Ru
Zin

Shops:
D:4 [


Innate Abilities, Weirdness & Mutations

You reflexively headbutt those who attack you in melee.
You have a pair of horns on your head.


Message History

The ogre is moderately wounded.
You thump the ogre!
The ogre is heavily wounded.
The ogre hits you with a giant spiked club!
* * * LOW HITPOINT WARNING * * *
An orc priest comes into view.
Drink which item? (? for menu, Esc to quit)
Okay, then.
The orc throws a tomahawk.
The tomahawk hits you but does no damage.
You see here a tomahawk.
The orc throws a tomahawk.
The tomahawk hits you but does no damage.
You see here a tomahawk.
There is an open door here.
There's a creature in the doorway!
Drink which item? (? for menu, Esc to quit)
It was a potion of haste.
You feel yourself speed up.
The ogre hits you with a giant spiked club!
You die...

....# ..#......#...........#.
....#######.#......#############.
.................... #.
.##.####.##......... #.
..#.####'##..########## #.
#.#.#.....#............ #.
#...#.....##+#.......# #.
.o..#.........[#################.
#...#.....o..o.O@................
#.#.#..........##################
#.#............# #.#..###+#.....#
#.#..# #.....# #.#... .......#
#+#.......#...## ..#.....#.....
................


You could see an ogre and 2 orcs.

Vanquished Creatures
  Grinder (D:3)
  An ice beast (D:5)
  A centaur (D:3)
  A giant frog (D:6)
  A crimson imp (D:5)
  2 orc priests
  An iguana (D:5)
  A giant frog skeleton (D:5)
  2 hounds
  An orc wizard (D:2)
  Jessica (D:3)
  A worker ant (D:4)
  A hound skeleton (D:5)
  Robin (D:3)
  8 adders
  An adder zombie (D:5)
  A worm (D:2)
  An adder skeleton (D:4)
  2 giant geckos
  6 orcs
  4 ball pythons
  3 bats
  8 giant cockroaches
  12 goblins
  12 hobgoblins
  3 jackals (D:1)
  8 kobolds
  7 giant newts
  A jackal skeleton (D:6)
  9 rats
102 creatures vanquished.

Notes
Turn   | Place    | Note
--------------------------------------------------------------
     0 | D:1      | Ordine the Minotaur Gladiator began the quest for the Orb.
     0 | D:1      | Reached XP level 1. HP: 18/18 MP: 0/0
    50 | D:1      | Reached skill level 4 in Staves
    56 | D:1      | Reached XP level 2. HP: 23/25 MP: 1/1
   332 | D:1      | Reached XP level 3. HP: 30/30 MP: 2/2
   335 | D:1      | Reached skill level 1 in Armour
   686 | D:2      | Found a sacrificial altar of Ru.
   999 | D:2      | Reached skill level 5 in Staves
  1474 | D:2      | Reached XP level 4. HP: 33/37 MP: 3/3
  1585 | D:3      | Noticed Jessica
  1596 | D:3      | Killed Jessica
  1596 | D:3      | Reached XP level 5. HP: 13/42 MP: 4/4
  1898 | D:3      | Noticed Robin
  1911 | D:3      | Killed Robin
  2071 | D:3      | Noticed a centaur
  2075 | D:3      | Killed a centaur
  2075 | D:3      | Reached skill level 6 in Staves
  2084 | D:3      | Reached XP level 6. HP: 35/50 MP: 5/5
  2105 | D:3      | Noticed Grinder
  2111 | D:3      | Paralysed by Grinder for 5 turns
  2119 | D:3      | Killed Grinder
  2119 | D:3      | Reached skill level 7 in Staves
  2119 | D:3      | Reached skill level 5 in Dodging
  2701 | D:4      | Found Cetangug's Antique Armour Emporium.
  2708 | D:4      | Reached XP level 7. HP: 53/56 MP: 6/6
  2957 | D:5      | Entered Level 5 of the Dungeon
  2994 | D:5      | Found a shattered altar of Ashenzari.
  3086 | D:5      | Found a glowing silver altar of Zin.
  3175 | D:5      | Reached skill level 8 in Staves
  3203 | D:5      | Reached skill level 5 in Armour
  3207 | D:5      | Learned a level 2 spell: Stoneskin
  3674 | D:6      | Found a staircase to the Ecumenical Temple.
  3701 | D:6      | Mangled by an ogre

Vault maps used:
D:1:      onia_arrival_larder, minmay_misc_feat_diagonals,
          hangedman_decor_riveting
D:2:      columned_hall_lemuel, nicolae_ru_sacrificial_ziggurat
D:3:      first_bread, uniq_jessica, uniq_grinder, uniq_robin
D:4:      serial_shops, shop
D:5:      kennysheep_little_box, basic_altar
D:6:      minmay_temple_entry_junction2, portal_sewer_entry_b,
          minmay_unpleasant_kobolds, uniq_edmund

Action                   |  1- 3 |  4- 6 |  7- 9 || total
-------------------------+-------+-------+-------++-------
Melee: Quarterstaff      |    98 |    88 |    66 ||   252
  Use: Scroll            |     5 |     5 |     1 ||    11
       Potion            |       |     1 |     1 ||     2
  Eat: Chunk             |     2 |     4 |     3 ||     9
